 Dungeon Crawl Stone Soup version 0.29.1-13-g9f3cf754e1 (webtiles) character file.

Game seed: 6465097544165763076

92 Hrothgar the Trooper (level 4, -1/29 HPs)
             Began as a Gargoyle Fighter on Feb 8, 2023.
             Shot with an arrow by a centaur (3 damage)
             ... on level 3 of the Dungeon.
             The game lasted 00:03:21 (1303 turns).

Hrothgar the Trooper (Gargoyle Fighter)             Turns: 1303, Time: 00:03:22

Health: -1/29      AC: 10    Str: 19    XL:     4   Next: 60%
Magic:  4/4        EV:  9    Int: 11    God:
Gold:   36         SH:  4    Dex:  9    Spells: 3/3 levels left

rFire   . . .      SeeInvis .   a - +0 war axe
rCold   . . .      Faith    .   c - +0 buckler
rNeg    + . .      Spirit   .   b - +0 scale mail
rPois   ∞          Reflect  .   (no helmet)
rElec   +          Harm     .   (no cloak)
rCorr   .          Rampage  .   (no gloves)
Will    .....                   (no boots)
Stlth   ..........              (no amulet)
HPRegen 0.09/turn               (no ring)
MPRegen 0.09/turn               (no ring)

@: no status effects
A: sickness immunity, AC +3, negative energy resistance 1, electricity
resistance, torment resistance 1, petrification resistance
a: no special abilities


You were on level 3 of the Dungeon.
You visited 1 branch of the dungeon, and saw 3 of its levels.

You collected 36 gold pieces.

Inventory:

Hand Weapons
 a - a +0 war axe (weapon)
 d - a +0 halberd
Missiles
 e - 5 javelins (quivered)
Armour
 b - a +0 scale mail (worn)
 c - a +0 buckler (worn)
Wands
 f - a wand of paralysis (6)


   Skills:
 * Level 3.8 Fighting
 * Level 2.7 Axes
 * Level 0.6 Throwing
 * Level 3.8 Armour
 * Level 0.4 Dodging
 * Level 1.0 Stealth
 * Level 3.6 Shields


You had 3 spell levels left.
You didn't know any spells.
Your spell library was empty.

Dungeon Overview and Level Annotations

Branches:
Dungeon (3/15)

Altars:


Innate Abilities, Weirdness & Mutations

You are immune to sickness and miasma.
Your stone body is resilient. (AC +3)
You are immune to poison.
You resist negative energy. (rN+)
You are resistant to electric shocks. (rElec)
You are resistant to unholy torment.
You are immune to petrification.


Message History

Things that are here:
a +0 whip; a gnoll corpse
Things that are here:
a +0 spear; a gnoll corpse
f - a wand of paralysis (6)
e - 5 javelins (gained 4)
Press: ? - help, v - describe, . - travel A rock wall.
You start resting.
HP restored.
a - a +0 war axe (weapon)
You start putting on your armour.
You continue putting on your +0 buckler. x4
You finish putting on your +0 buckler.
You open the door.
There is an open door here.
An orc and a centaur come into view.
The orc shouts!
You hear a shout!
The centaur wields a +0 shortbow.
The centaur shoots an arrow.
The arrow hits you!
The centaur shoots an arrow.
The arrow barely misses you.
The centaur shoots an arrow.
The arrow barely misses you.
You hear an angry hiss.
The centaur shoots an arrow.
The arrow barely misses you.
The centaur shoots an arrow.
The arrow barely misses you.
The centaur shoots an arrow.
The arrow hits you!
The centaur shoots an arrow.
The arrow hits you!
* * * LOW HITPOINT WARNING * * *
The centaur unwields a +0 shortbow.
The centaur hits you but does no damage.
The centaur kicks you but does no damage.
The centaur hits you but does no damage.
The centaur kicks you but does no damage.
The centaur wields a +0 shortbow.
The centaur shoots an arrow.
The arrow closely misses you.
You hear a shout!
Okay, then.
You hear an angry hiss.
The centaur shoots an arrow.
The arrow hits you.
You die...

......####.# ###........#
.<###.###### ###### #.# #.#
###.#..### #.# #.#
#..))....### #.# #.#
#.#)#......# #.# #.#
#.#.#'#......#
#.###.######.#.#.###..:...#
#............#.#@.c###.....
.....(########.###o..###...
####### #.# ###...###. ..#
#..# .## #


You could see a centaur and an orc.

Vanquished Creatures
  Robin (D:3)
  4 gnolls (D:3)
  A worm (D:2)
  A bat (D:1)
  An endoplasm (D:3)
  2 giant cockroaches (D:2)
  3 hobgoblins
  2 jackals (D:1)
  3 kobolds
  2 quokkas
  2 ball pythons (D:1)
  13 goblins
  2 rats
37 creatures vanquished.

Vanquished Creatures (others)
  A plant (D:2)
1 creature vanquished.

Grand Total: 38 creatures vanquished

Notes
Turn   | Place    | Note
-------+----------+-------------------------------------------
     0 | D:1      | Hrothgar the Gargoyle Fighter began the quest for the Orb.
     0 | D:1      | Reached XP level 1. HP: 14/14 MP: 1/1
   155 | D:1      | Reached XP level 2. HP: 16/19 MP: 2/2
   707 | D:2      | Reached XP level 3. HP: 23/23 MP: 3/3
   784 | D:3      | Noticed Robin
   791 | D:3      | Killed Robin
  1085 | D:3      | Reached XP level 4. HP: 29/29 MP: 4/4
  1092 | D:3      | Reached skill level 1 in Stealth
  1294 | D:3      | Noticed a centaur
  1303 | D:3      | Shot with an arrow by a centaur

Illustrated notes

Levels and vault maps discovered:
D:1:      sevenhm_arrival_forest_fort_small_6, layout_rooms, minmay_bisected
D:2:      layout_loops_ring, serial_forest, infiniplex_forest_clump_small,
          infiniplex_forest_end_1, infiniplex_forest_lined_3,
          infiniplex_forest_end_2, infiniplex_forest_corner_2,
          infiniplex_forest_split, due_unseen_surprise
D:3:      minmay_razor_zed, layout_loops_ring, uniq_natasha, uniq_robin,
          uniq_sigmund

Skill      XL: |  1  2  3  4 |
---------------+-------------+-----
Axes           | 2 |  2.7
Stealth        | 1 |  1.0
Fighting       | |  3.8
Throwing       | |  0.6
Armour         | |  3.8
Dodging        | |  0.4
Shields        | |  3.6

Action                   |  1- 3 |  4- 6 || total
-------------------------+-------+-------++-------
Melee: War axe           |    62 |    11 ||    73
Throw: Javelin           |     3 |     1 ||     4
  Use: Scroll            |     3 |       ||     3
       Potion            |     1 |     1 ||     2
Armor: Scale mail        |    40 |     6 ||    46
Dodge: Dodged            |    31 |    15 ||    46
Block: Buckler           |    16 |     3 ||    19
